 Dungeon Sprint DCSS version 0.30-a0-605-gb2882149bf (webtiles) character file.

Game seed: 12626172506244766502

9556 mhtbhm the Brawler (level 11, -2/120 HPs)
             Began as a Troll Transmuter on Jan 7, 2023.
             Was an Initiate of Gozag.
             Slain by a crystal guardian (30 damage)
             ... in the Dungeon (Sprint III: "The Ten Rune Challenge").
             The game lasted 00:06:54 (1564 turns).

mhtbhm the Brawler (Troll Transmuter)               Turns: 1564, Time: 00:06:55

Health: -2/120     AC:  7    Str: 24    XL:     11   Next: 24%
Magic:  20/22      EV: 11    Int:  9    God:    Gozag
Gold:   855        SH:  0    Dex: 10    Spells: 16/26 levels left

rFire   x . .      SeeInvis .      - Unarmed
rCold   + + +      Faith    .    (shield currently unavailable)
rNeg    . . .      Spirit   .    (body armour currently unavailable)
rPois   +          Reflect  .    (helmet currently unavailable)
rElec   .          Harm     .    (cloak currently unavailable)
rCorr   .          Rampage  .    (gloves unavailable)
Will    .....      Archmagi +    (boots unavailable)
Stlth   ++         NoTele   +    (no amulet)
HPRegen 1.20/turn                t - ring of the Mage {Wiz Archmagi}
MPRegen 0.18/turn                (no ring)

@: ice-form, wereblooded (expiring), gold aura
A: freezing attack, amphibious, boosted hp, large, unfitting armour, (claws 3),
regeneration 1, (shaggy fur 1), (tough skin 1)
a: End Transformation, Renounce Religion, Potion Petition, Call Merchant, Bribe
Branch


You were in the Dungeon.
You worshipped Gozag.
Gozag was pleased with you.
You were a creature of crystalline ice.
You visited 1 branch You collected 6678 gold pieces.
You spent 3928 gold pieces at shops.
You paid 1895 gold pieces to Gozag.

Inventory:

Missiles
 r - 7 curare-tipped darts
Armour
 a - the +1 robe of Vines (melded) {NoPotionHeal Regen++++}
   (You bought it in a shop in the Dungeon)

   Its wearer cannot be healed by potions.
   Regen:     It increases your rate of health regeneration.
Jewellery
 t - the ring of the Mage (left front paw) {Wiz Archmagi}
   (You bought it in a shop in the Dungeon)

   [ring of wizardry]

   It improves your spell success rate.
   Archmagi:  It increases the power of your magical spells.
Scrolls
 i - a scroll of poison
 j - a scroll of fear
 k - a scroll of immolation
 l - a scroll of amnesia
 m - a scroll of torment
 q - 2 scrolls of fog
Potions
 b - a potion of lignification
 c - a potion of curing
 e - a potion of haste
 f - 2 potions of magic
 n - 2 potions of flight {unknown}
 o - 6 potions of mutation
 p - a potion of might
 s - a potion of attraction {unknown}
Miscellaneous
 g - a lightning rod (2/4)


   Skills:
 + Level 4.2 Fighting
 + Level 6.5 Dodging
 + Level 2.5 Stealth
 + Level 18.7 Unarmed Combat
 + Level 8.4 Spellcasting
 + Level 9.3 Transmutations
 + Level 3.6 Ice Magic
 + Level 2.8 Evocations


You had 16 spell levels left.
You knew the following spells:

 Your Spells              Type           Power      Damage    Failure   Level
a - Beastly Appendage     Tmut           60%        N/A       1%          1
b - Wereblood             Tmut           30%        N/A       1%          2
c - Spider Form           Tmut/Pois      18%        N/A       3%          3
d - Ice Form              Ice/Tmut       23%        N/A       4%          4

Your spell library contained the following spells:

 Spells                   Type           Power      Damage    Failure   Level
 Blink                    Tloc           10%        N/A       11%         2
 Momentum Strike          Conj/Tloc      10%        3d8       11%         2
 Lesser Beckoning         Tloc           10%        N/A       21%         3
 Vhi's Electric Charge    Tloc/Air       10%        N/A       21%         3
 Arcjolt                  Conj/Air       2%         1d12      86%         5
 Maxwell's Capacitive Co  Air            2%         ∞         100%        8


Dungeon Overview and Level Annotations

Branches:
Dungeon (1/1)

Altars:
Cheibriados
Dithmenos
Elyvilon
Fedhas
Gozag
Hepliaklqana
Kikubaaqudgha
Makhleb
Nemelex Xobeh
Okawaru
Qazlal
Ru
Sif Muna
Trog
Uskayaw
Vehumet
Wu Jian
Xom
Yredelemnul
Zin
The Shining One
Jiyva
Lugonu

Shops:
D **:!:?==([![?**


Innate Abilities, Weirdness & Mutations

You are a creature of crystalline ice.
You have a powerful freezing melee attack.
You are amphibious.
Your maximum health is increased.
Your armour is entirely melded.
You are incapable of wielding weapons or throwing items.
You are too large for most types of armour.
((You have claws for hands.))
Your natural rate of healing is unusually fast.
((You are covered in fur. (AC +1)))
((You have tough skin. (AC +1)))


Message History

The spriggan defender barely misses you.
You hit the spriggan defender. You freeze the spriggan defender.
The spriggan defender is almost dead.
The spriggan defender closely misses you.
The spriggan defender is distracted by your dazzling golden aura.
A crystal guardian comes into view.
You pummel the spriggan defender!! You freeze the spriggan defender.
You feel a bit better.
You kill the spriggan defender!
The spriggan defender hits you with a +0 dagger!
Your lightning rod (1/4) has regained one charge.
Unknown command.
You hit the spriggan defender. You freeze the spriggan defender.
The spriggan defender is almost dead.
Your primal bloodlust is almost over.
The spriggan defender hits you with a +0 dagger!
You completely miss the spriggan defender.
The spriggan defender is almost dead.
The spriggan defender hits you but does no damage.
You pummel the spriggan defender!! You freeze the spriggan defender.
You feel a bit better.
You kill the spriggan defender!
Your lightning rod (2/4) has regained one charge.
Things that are here:
81 gold pieces; a +0 dagger You hit the crystal guardian.
The crystal guardian is lightly damaged.
The crystal guardian is distracted by your dazzling golden aura.
You hit the crystal guardian but do no damage.
The crystal guardian is no longer distracted by gold.
You howl as the wereblood boils in your veins!
The crystal guardian hits you!!
* * * LOW HITPOINT WARNING * * *
You pummel the crystal guardian!!
The crystal guardian is heavily damaged.
You hit the crystal guardian.
The crystal guardian is heavily damaged.
The crystal guardian hits you!!
You die...
Your body crumbles into a pile of gold.

#.####### #.#$.P..
#.#PP.. ########
#.#... ###.∩⌠⌠∩.#
#.#i. ###.#.∩⌠⌠∩.#
#.#$###§§§#.∩∩∩∩.#
#.#'#.§§§§#.∩∩∩..#
#.#...§§§§#.∩∩...#
#.#...§§Y§###''###
#.....§§9§#.♣..♣.#
#########§#......#
#........# $
.....9........#
..............#
+############## $


You could see a crystal guardian.

Vanquished Creatures
  Sigmund (D)
  Erolcha (D)
  An orange crystal statue (D)
  A deep elf pyromancer (D)
  Edmund (D)
  3 wandering mushrooms (D)
  4 spriggan defenders (D)
  A queen bee (D)
  2 orc high priests (D)
  A shadow (D)
  2 redbacks (D)
  A spatial vortex (D)
  5 orc warriors (D)
  5 two-headed ogres (D)
  A water elemental (D)
  A necrophage (D)
  32 killer bees (D)
  A jelly (D)
  2 orc priests (D)
  2 orc wizards (D)
  A wizard (D)
  A necromancer (D)
  3 humans (D)
  A kobold demonologist (D)
  A phantom (D)
  11 orcs (D)
  4 rats (D)
  A plant (D)
91 creatures vanquished.

Vanquished Creatures (others)
  9 plants (D)
9 creatures vanquished.

Grand Total: 100 creatures vanquished

Notes
Turn   | Place    | Note
-------+----------+-------------------------------------------
     0 | D        | mhtbhm the Troll Transmuter began the quest for the Orb.
     0 | D        | Reached XP level 1. HP: 18/18 MP: 1/1
    55 | D        | Reached skill level 4 in Unarmed Combat
    55 | D        | Reached XP level 2. HP: 5/26 MP: 2/4
   169 | D        | Learned a level 2 spell: Wereblood
   186 | D        | Reached skill level 5 in Unarmed Combat
   232 | D        | Noticed a water elemental
   236 | D        | Killed a water elemental
   237 | D        | Reached skill level 1 in Fighting
   237 | D        | Reached skill level 6 in Unarmed Combat
   237 | D        | Reached XP level 3. HP: 33/33 MP: 3/5
   237 | D        | Reached XP level 4. HP: 41/41 MP: 3/6
   366 | D        | Learned a level 3 spell: Spider Form
   378 | D        | Noticed a shadow
   382 | D        | Killed a shadow
   383 | D        | Reached skill level 8 in Unarmed Combat
   383 | D        | Reached XP level 5. HP: 48/48 MP: 3/9
   386 | D        | Reached skill level 9 in Unarmed Combat
   389 | D        | Found a blossoming altar of Fedhas.
   389 | D        | Found a stormy altar of Qazlal.
   390 | D        | Found a snail-covered altar of Cheibriados.
   390 | D        | Found a burning altar of Makhleb.
   390 | D        | Found a hazy altar of Hepliaklqana.
   390 | D        | Found a shimmering altar of Xom.
   390 | D        | Found an opulent altar of Gozag.
   390 | D        | Found a sparkling altar of Nemelex Xobeh.
   390 | D        | Found a corrupted altar of Lugonu.
   390 | D        | Found a viscous altar of Jiyva.
   390 | D        | Noticed a spatial vortex
   401 | D        | Killed a spatial vortex
   402 | D        | Reached skill level 10 in Unarmed Combat
   402 | D        | Reached XP level 6. HP: 57/57 MP: 5/11
   407 | D        | Became a worshipper of Gozag Ym Sagoz the Greedy
   459 | D        | Found a basalt altar of Yredelemnul.
   459 | D        | Found a shadowy altar of Dithmenos.
   459 | D        | Found a sacrificial altar of Ru.
   493 | D        | Learned a level 4 spell: Ice Form
   496 | D        | Found a radiant altar of Vehumet.
   497 | D        | Found a shimmering blue altar of Sif Muna.
   497 | D        | Found an ancient bone altar of Kikubaaqudgha.
   509 | D        | Found a glowing silver altar of Zin.
   509 | D        | Found a glowing golden altar of the Shining One.
   509 | D        | Found a white marble altar of Elyvilon.
   510 | D        | Noticed a deep elf pyromancer
   512 | D        | Killed a deep elf pyromancer
   513 | D        | Reached skill level 12 in Unarmed Combat
   513 | D        | Reached skill level 5 in Spellcasting
   513 | D        | Reached skill level 5 in Transmutations
   513 | D        | Reached XP level 7. HP: 65/65 MP: 9/14
   514 | D        | Found a hide-covered altar of Uskayaw.
   514 | D        | Found an iron altar of Okawaru.
   514 | D        | Found a bloodstained altar of Trog.
   514 | D        | Found an ornate altar of the Wu Jian Council.
   514 | D        | Noticed a human
   514 | D        | Noticed a human
   518 | D        | Killed a human
   519 | D        | Reached XP level 8. HP: 68/72 MP: 10/15
   742 | D        | Reached skill level 13 in Unarmed Combat
   747 | D        | Reached skill level 5 in Dodging
   753 | D        | Noticed a two-headed ogre
   759 | D        | Killed a two-headed ogre
   814 | D        | Noticed a two-headed ogre
   814 | D        | Noticed Erolcha
   817 | D        | Killed Erolcha
   818 | D        | Reached skill level 14 in Unarmed Combat
   818 | D        | Reached skill level 1 in Ice Magic
   818 | D        | Reached XP level 9. HP: 81/81 MP: 10/17
   821 | D        | Killed a two-headed ogre
   825 | D        | Reached skill level 15 in Unarmed Combat
   833 | D        | Noticed a wandering mushroom
   837 | D        | Noticed a wandering mushroom
   839 | D        | Noticed a wandering mushroom
   842 | D        | Killed a wandering mushroom
   857 | D        | Killed a wandering mushroom
   886 | D        | Bought a scroll of identify for 52 gold pieces
   886 | D        | Bought a scroll of identify for 52 gold pieces
   886 | D        | Bought a scroll labelled BOCOEPRU AXTAO for 26 gold pieces
   886 | D        | Bought a scroll labelled BOCOEPRU AXTAO for 26 gold pieces
   886 | D        | Bought a scroll labelled LUSHAUWK BOGOACE for 26 gold
                  | pieces
   937 | D        | Found Ninic's Assorted Antiques.
   953 | D        | Reached skill level 16 in Unarmed Combat
   953 | D        | Reached XP level 10. HP: 87/91 MP: 14/19
  1065 | D        | Bought a scroll labelled VIT VUHATEGA for 21 gold pieces
  1065 | D        | Bought a sedimented blue potion for 18 gold pieces
  1065 | D        | Bought a brown potion for 18 gold pieces
  1065 | D        | Bought a scroll of identify for 42 gold pieces
  1065 | D        | Bought a potion of curing for 63 gold pieces
  1065 | D        | Bought a scroll of identify for 42 gold pieces
  1115 | D        | Reached skill level 1 in Evocations
  1121 | D        | Reached skill level 1 in Stealth
  1140 | D        | Reached skill level 17 in Unarmed Combat
  1194 | D        | Noticed Sigmund
  1194 | D        | Noticed Edmund
  1201 | D        | Killed Edmund
  1206 | D        | Killed Sigmund
  1207 | D        | Reached skill level 18 in Unarmed Combat
  1207 | D        | Reached XP level 11. HP: 67/100 MP: 15/22
  1322 | D        | Noticed an orange crystal statue
  1339 | D        | Killed an orange crystal statue
  1468 | D        | Found Sathifry's Antique Weapon Emporium.
  1468 | D        | Found Imyg's Antique Armour Shop.
  1468 | D        | Found Ixzetem's Magic Scroll Boutique.
  1468 | D        | Found Locoewech's Jewellery Boutique.
  1468 | D        | Found Niunulee's Distillery.
  1468 | D        | Found Fetzis's Book Shoppe.
  1468 | D        | Found Peiloesa's General Store.
  1468 | D        | Found Resaheari's Distillery.
  1468 | D        | Found Xifraosm's General Store.
  1468 | D        | Found Ynalafam's Book Emporium.
  1468 | D        | Found Vicum's Magic Scroll Boutique.
  1505 | D        | Bought the ring of the Mage {Wiz Archmagi} for 714 gold
                  | pieces
  1505 | D        | Found the ring of the Mage {Wiz Archmagi}
  1514 | D        | Bought a creamy pearl robe for 188 gold pieces
  1514 | D        | Identified the +2 robe "Coaghugi" {*Corrode rN+ Int+6} (You
                  | bought it in a shop in the Dungeon)
  1515 | D        | Bought the +1 robe of Vines {NoPotionHeal Regen++++} for
                  | 2640 gold pieces
  1515 | D        | Found the +1 robe of Vines {NoPotionHeal Regen++++}
  1555 | D        | Noticed a crystal guardian
  1564 | D        | Slain by a crystal guardian

Illustrated notes

Levels and vault maps discovered:
D:        dungeon_sprint_mu [sprint_mu_entry_forest, sprint_mu_temple_rooms,
          sprint_mu_d1_spiders, sprint_mu_d2_genie, sprint_mu_d3_branching,
          sprint_mu_orc_legion, sprint_mu_elf_gauntlet, sprint_mu_hive_nellie,
          sprint_mu_lair_fedhas, sprint_mu_vaults_butterflies,
          sprint_mu_slime_circle, sprint_mu_swamp_cave, sprint_mu_shoals_archi,
          sprint_mu_blade_basic, sprint_mu_crypt_chambers,
          sprint_mu_tomb_spiral, sprint_mu_vestibule_basic,
          sprint_mu_gehenna_hellfire, sprint_mu_dis_giant,
          sprint_mu_tartarus_statrot, sprint_mu_cocytus_islands, sprint_mu_zot1]

Skill      XL: |  1  2  3  4  5  6  7  8  9 10 |
---------------+-------------------------------+-----
Dodging        | 2 3 4 5 6 |  6.5
Unarmed Combat | 4 6 8 10 12 14 16 18 | 18.7
Spellcasting   | 2 3 4 5 6 7 8 |  8.4
Transmutations | 2 3 4 5 7 8 9 |  9.3
Fighting       | 1 2 3 4 |  4.2
Ice Magic      | 1 2 3 |  3.6
Evocations     | 2 |  2.8
Stealth        | 2 |  2.5

Action                   |  1- 3 |  4- 6 |  7- 9 | 10-12 || total
-------------------------+-------+-------+-------+-------++-------
Melee: Unarmed           |    27 |    24 |    43 |    79 ||   173
       Headbutt          |     3 |     3 |     3 |       ||     9
       Kick              |     3 |     4 |     1 |       ||     8
       Punch             |       |     2 |       |       ||     2
 Cast: Beastly Appendage |     3 |     4 |       |       ||     7
       Wereblood         |       |     3 |     3 |     4 ||    10
       Ice Form          |       |       |     3 |     4 ||     7
Invok: Call Merchant     |       |       |     1 |     2 ||     3
Evoke: Lightning rod     |       |       |     3 |     8 ||    11
  Use: Potion            |     1 |       |     1 |     4 ||     6
       Scroll            |       |       |     5 |     3 ||     8
 Stab: Distracted        |       |       |       |     2 ||     2
Armor: Robe              |     6 |     1 |     1 |       ||     8
       Skin              |       |       |     1 |     9 ||    10
Dodge: Dodged            |     9 |     7 |    17 |    31 ||    64

Table legend: (Time is in decaauts)
 A = Elapsed time spent in this place.
 B = Non-inter-level travel time spent in this place.
 C = Inter-level travel time spent in this place.
 D = Time resting spent in this place.
 E = Time spent auto-exploring this place.
 F = Levels seen in this place.
 G = Mean time per level.
                   A        B        C        D        E       F      G
               +--------+--------+--------+--------+--------+-----+--------+
         Total |   1526 |   1526 |      0 |    662 |      0 |   1 | 1526.0 |
       Dungeon |   1526 |   1526 |      0 |    662 |      0 |   1 | 1526.0 |
               +--------+--------+--------+--------+--------+-----+--------+

Top non-repeatable levels by time:
       D: 1526 daAuts
